 Dungeon Crawl Stone Soup version 0.28.0-47-ge53b351184 (webtiles) character file.

Game seed: 8285153189847823179

1503 DearestLeader the Shield-Bearer (level 8, 0/67 HPs)
             Began as a Gnoll Fighter on Apr 25, 2022.
             Was an Initiate of Okawaru.
             Slain by a gnoll
             ... wielding a +0 halberd
              (8 damage)
             ... on level 7 of the Dungeon.
             The game lasted 00:07:30 (6421 turns).

DearestLeader the Shield-Bearer (Gnoll Fighter)     Turns: 6421, Time: 00:07:31

Health: 0/67       AC:  9    Str: 17    XL:     8   Next: 82%
Magic:  13/13      EV: 10    Int:  8    God:    Okawaru [......]
Gold:   469        SH:  5    Dex: 12    Spells: 11/14 levels left

rFire   . . .      SeeInvis .   a - +0 war axe
rCold   . . .      Faith    .   c - +0 buckler
rNeg    . . .      Spirit   .   b - +0 scale mail
rPois   .          Reflect  .   (no helmet)
rElec   .          Harm     .   (no cloak)
rCorr   .          Rampage  .   (no gloves)
Will    .....                   o - +0 pair of boots
Stlth   +.........              (no amulet)
HPRegen 0.21/turn               (no ring)
MPRegen 0.13/turn               (no ring)

@: no status effects
A: fangs 1, strong nose, distributed training
a: Renounce Religion


You were on level 7 of the Dungeon.
You worshipped Okawaru.
Okawaru was noncommittal.
You visited 2 branches of the dungeon, and saw 8 of its levels.

You collected 502 gold pieces.
You spent 33 gold pieces at shops.

Inventory:

Hand Weapons
 a - a +0 war axe (weapon)
 m - a +0 dagger of venom
 w - a +0 trident
 F - a +1 falchion of holy wrath
Missiles
 g - 80 sling bullets
Armour
 b - a +0 scale mail (worn)
 c - a +0 buckler (worn)
 o - a +0 pair of boots (worn)
 G - a +0 plate armour
Jewellery
 n - a ring of fire
 v - an amulet of faith
 I - a +4 ring of protection
Wands
 r - a wand of iceblast (2)
 E - a wand of digging (5)
Scrolls
 f - a scroll of silence
 i - 5 scrolls of enchant armour
 q - 2 scrolls of teleportation
 t - a scroll of amnesia {unknown}
 y - a scroll of blinking {unknown}
 A - a scroll of vulnerability {unknown}
 C - 3 scrolls of identify
 D - a scroll of holy word {unknown}
 H - a scroll of enchant weapon {unknown}
Potions
 d - a potion of might
 e - a potion of flight {unknown}
 h - 2 potions of magic
 j - 2 potions of curing {unknown}
 k - 2 potions of heal wounds
 l - 3 potions of attraction
 p - 2 potions of brilliance {unknown}
 s - a potion of lignification {unknown}
 u - a potion of degeneration {unknown}
 x - a potion of haste {unknown}
 z - a potion of ambrosia {unknown}
 B - 3 potions of mutation {unknown}


   Skills:
 + Level 7.5 Fighting
 + Level 3.6 Short Blades
 + Level 3.6 Long Blades
 + Level 5.9 Axes
 + Level 3.6 Maces & Flails
 + Level 3.6 Polearms
 + Level 3.6 Staves
 + Level 3.6 Slings
 + Level 3.6 Bows
 + Level 3.6 Crossbows
 + Level 3.6 Throwing
 + Level 7.5 Armour
 + Level 3.6 Dodging
 + Level 3.6 Stealth
 + Level 7.5 Shields
 + Level 3.6 Unarmed Combat
 + Level 3.6 Spellcasting
 + Level 2.9 Conjurations
 + Level 2.9 Hexes
 + Level 2.9 Summonings
 + Level 2.9 Necromancy
 + Level 2.9 Translocations
 + Level 2.9 Transmutations
 + Level 2.9 Fire Magic
 + Level 2.9 Ice Magic
 + Level 2.9 Air Magic
 + Level 2.9 Earth Magic
 + Level 2.9 Poison Magic
 + Level 4.0 Invocations
 + Level 3.6 Evocations


You had 11 spell levels left.
You knew the following spells:

 Your Spells              Type           Power      Damage    Failure   Level
a - Swiftness             Air            6%         N/A       69%         3

Your spell library contained the following spells:

 Spells                   Type           Power      Damage    Failure   Level
 Shock                    Conj/Air       24%        1d4       32%         1
 Airstrike                Air            3%         N/A       97%         4


Dungeon Overview and Level Annotations

Branches:
Dungeon (7/15)             Temple (1/1) D:7

Altars:
Dithmenos
Elyvilon
Gozag
Kikubaaqudgha
Makhleb
Nemelex Xobeh
Okawaru
Qazlal
Ru
Sif Muna
Trog
Vehumet
Wu Jian
Xom
Yredelemnul
Zin
The Shining One

Shops:
D:4 *   D:6 *


Innate Abilities, Weirdness & Mutations

You have very sharp teeth.
Your uncanny sense of smell can sniff out nearby items.
Your experience applies equally to all skills.


Message History

The gnoll shaman hits you with a +0 club!
You closely miss the gnoll shaman. Your bite misses the gnoll shaman.
The gnoll shaman is severely wounded.
You block the gnoll's attack. You block the gnoll shaman's attack.
You closely miss the gnoll shaman.
You bite the gnoll shaman, but do no damage.
The gnoll shaman is severely wounded.
The gnoll closely misses you.
The gnoll shaman hits you with a +0 club.
You hit the gnoll shaman.
The gnoll shaman is almost dead.
The gnoll barely misses you.
The gnoll shaman invokes the aid of its god against you.
You resist with some effort. The gnoll closely misses you.
You closely miss the gnoll shaman.
The gnoll shaman is almost dead.
The gnoll shaman misses you. The gnoll completely misses you.
The gnoll shaman calls upon its god to speed up the gnoll.
The gnoll seems to speed up.
You hit the gnoll shaman but do no damage.
The gnoll shaman is severely wounded.
The gnoll hits you from afar with a +0 halberd!
The gnoll shaman calls down the wrath of its god upon you.
You resist with some effort.
The gnoll hits you from afar with a +0 halberd.
You slash the gnoll shaman!
You kill the gnoll shaman!
Okawaru accepts your kill. The gnoll hits you but does no damage.
Your Invocations skill increases to level 4!
The gnoll hits you with a +0 halberd!
* * * LOW HITPOINT WARNING * * *
The gnoll hits you with a +0 halberd!
* * * LOW HITPOINT WARNING * * *
The gnoll barely misses you.
There is an open door, spattered with blood here.
Items here: )) [ †.
Unknown command.
The gnoll hits you from afar with a +0 halberd!
You die...

#.#####.#####
.... #...#
###.# #.# #.#
####'##
#.....#
#.....#
#....@########
#..[..)ggg...+
#.....########
#.....'.#
#.....#.#
##...##.#
#.####.# #.#
#.# #+# #+#


You could see 3 gnolls.

Vanquished Creatures
  Eustachio (D:6)
  An orc warrior (Temple)
  An ice beast (D:7)
  An ogre (D:6)
  3 black bears
  A kobold brigand (D:7)
  2 bullfrogs
  A scorpion (D:5)
  A water moccasin skeleton (D:5)
  A howler monkey (D:5)
  A bullfrog zombie (D:6)
  2 hounds
  A bullfrog skeleton (D:6)
  3 centaur skeletons
  A gnoll shaman (D:7)
  2 iguanas
  An orc wizard (D:7)
  A hound skeleton (D:4)
  2 gnolls (D:7)
  5 adders
  A shadow imp (D:6)
  2 ufetubi
  An adder zombie (D:5)
  2 worms
  2 dart slugs
  3 orcs (D:7)
  3 bats
  5 endoplasms
  8 goblins
  8 hobgoblins
  7 jackals
  7 kobolds
  3 quokkas
  4 ball pythons
  4 frilled lizards
  5 rats
97 creatures vanquished.

Notes
Turn   | Place    | Note
-------+----------+-------------------------------------------
     0 | D:1      | DearestLeader the Gnoll Fighter began the quest for the
                  | Orb.
     0 | D:1      | Reached XP level 1. HP: 23/23 MP: 1/1
   222 | D:1      | Reached XP level 2. HP: 29/29 MP: 2/2
   875 | D:1      | Reached XP level 3. HP: 35/35 MP: 3/3
   959 | D:1      | Found a faded altar of an unknown god.
  1632 | D:2      | Reached skill level 1 in Invocations
  1885 | D:3      | Reached skill level 1 in Short Blades
  1885 | D:3      | Reached skill level 1 in Long Blades
  1885 | D:3      | Reached skill level 1 in Maces & Flails
  1885 | D:3      | Reached skill level 1 in Polearms
  1885 | D:3      | Reached skill level 1 in Staves
  1885 | D:3      | Reached skill level 1 in Slings
  1885 | D:3      | Reached skill level 1 in Bows
  1885 | D:3      | Reached skill level 1 in Crossbows
  1885 | D:3      | Reached skill level 1 in Throwing
  1885 | D:3      | Reached skill level 1 in Dodging
  1885 | D:3      | Reached skill level 1 in Stealth
  1885 | D:3      | Reached skill level 1 in Unarmed Combat
  1885 | D:3      | Reached skill level 1 in Spellcasting
  1885 | D:3      | Reached skill level 1 in Evocations
  1954 | D:3      | Reached XP level 4. HP: 39/41 MP: 5/5
  2046 | D:3      | Found a glowing silver altar of Zin.
  2429 | D:4      | Reached skill level 1 in Conjurations
  2429 | D:4      | Reached skill level 1 in Hexes
  2429 | D:4      | Reached skill level 1 in Summonings
  2429 | D:4      | Reached skill level 1 in Necromancy
  2429 | D:4      | Reached skill level 1 in Translocations
  2429 | D:4      | Reached skill level 1 in Transmutations
  2429 | D:4      | Reached skill level 1 in Fire Magic
  2429 | D:4      | Reached skill level 1 in Ice Magic
  2429 | D:4      | Reached skill level 1 in Air Magic
  2429 | D:4      | Reached skill level 1 in Earth Magic
  2429 | D:4      | Reached skill level 1 in Poison Magic
  2508 | D:4      | Found Oneuloa's General Store.
  2553 | D:4      | Bought a scroll of teleportation for 33 gold pieces
  2594 | D:4      | Reached XP level 5. HP: 29/47 MP: 5/7
  2927 | D:4      | Learned a level 3 spell: Swiftness
  3180 | D:4      | Reached XP level 6. HP: 53/53 MP: 8/8
  3501 | D:5      | Entered Level 5 of the Dungeon
  3584 | D:5      | Noticed a black bear
  3592 | D:5      | Killed a black bear
  3593 | D:5      | Reached skill level 5 in Axes
  3889 | D:5      | Noticed a black bear
  4013 | D:5      | Reached XP level 7. HP: 55/60 MP: 10/10
  4726 | D:6      | Found Efaosk's General Store.
  4797 | D:6      | Reached XP level 8. HP: 49/67 MP: 12/12
  5038 | D:6      | Noticed Eustachio
  5047 | D:6      | Killed Eustachio
  5823 | D:7      | Found a staircase to the Ecumenical Temple.
  5832 | Temple   | Entered the Ecumenical Temple
  5844 | Temple   | Became a worshipper of Warmaster Okawaru
  6421 | D:7      | Slain by a gnoll

Illustrated notes

Levels and vault maps discovered:
D:1:      minmay_arrival_wavy_path, layout_basic, basic_ecumenical_altar,
          minmay_box_of_dots
D:2:      layout_basic
D:3:      layout_loops_ring, mainiacjoe_overflow_alcove_2
D:4:      layout_cave_pods, serial_shops,
          nicolae_shop_temple_entry_statues_fountains
D:5:      layout_cave_pools, corexii_hall_statues_i
D:6:      layout_cave_pools, serial_shops, shop_fountains, uniq_eustachio
D:7:      layout_basic, minmay_temple_entry_waves, minivault_1, minivault_11,
          st_stairs_9
Temple:   dpeg_three_leaves_temple

Skill      XL: |  1  2  3  4  5  6  7  8 |
---------------+-------------------------+-----
Invocations    | 1 2 3 4 |  4.0
Short Blades   | 1 2 3 |  3.6
Long Blades    | 1 2 3 |  3.6
Maces & Flails | 1 2 3 |  3.6
Polearms       | 1 2 3 |  3.6
Staves         | 1 2 3 |  3.6
Slings         | 1 2 3 |  3.6
Bows           | 1 2 3 |  3.6
Crossbows      | 1 2 3 |  3.6
Throwing       | 1 2 3 |  3.6
Dodging        | 1 2 3 |  3.6
Stealth        | 1 2 3 |  3.6
Unarmed Combat | 1 2 3 |  3.6
Spellcasting   | 1 2 3 |  3.6
Evocations     | 1 2 3 |  3.6
Conjurations   | 1 2 |  2.9
Hexes          | 1 2 |  2.9
Summonings     | 1 2 |  2.9
Necromancy     | 1 2 |  2.9
Translocations | 1 2 |  2.9
Transmutations | 1 2 |  2.9
Fire Magic     | 1 2 |  2.9
Ice Magic      | 1 2 |  2.9
Air Magic      | 1 2 |  2.9
Earth Magic    | 1 2 |  2.9
Poison Magic   | 1 2 |  2.9
Axes           | 5 |  5.9
Fighting       | 7 |  7.5
Armour         | 7 |  7.5
Shields        | 7 |  7.5

Action                   |  1- 3 |  4- 6 |  7- 9 || total
-------------------------+-------+-------+-------++-------
Melee: War axe           |    81 |   106 |   155 ||   342
       Bite              |     6 |     9 |    18 ||    33
Evoke: Wand              |       |       |     3 ||     3
  Use: Scroll            |       |     3 |     4 ||     7
Armor: Scale mail        |    35 |    55 |    88 ||   178
       Plate armour      |       |       |     3 ||     3
Dodge: Dodged            |    39 |    64 |    89 ||   192
Block: Buckler           |    17 |    34 |    41 ||    92
